 Dungeon Crawl Stone Soup version 0.31.0-9-g3a7656b989 (webtiles) character file.

Game seed: 4933225208213950806

8620 Gumption the Grappler (level 11, -1/97 HPs)
             Began as a Red Draconian Shapeshifter on Jan 29, 2024.
             Was a Believer of Nemelex Xobeh.
             Slain by a killer bee (5 damage)
             ... on level 9 of the Dungeon.
             The game lasted 01:01:43 (10482 turns).

Gumption the Grappler (Red Draconian Shapeshifter) Turns: 10482, Time: 01:01:46

Health: -1/97      AC:  9    Str: 18    XL:     11   Next: 12%
Magic:  14/14      EV: 16    Int: 10    God:    Nemelex Xobeh [**....]
Gold:   212        SH:  0    Dex: 14    Spells: 10/10 levels left

rFire   + .          .
                       - Unarmed
rCold   x . .        (shield currently unavailable)
rNeg    . . .        (body armour unavailable)
rPois   .            (helmet restricted)
rElec   .            H - +0 cloak "Cufety" {rC- Will+++ Stlth+}
rCorr   .            (no gloves)
SInv    .            w - +0 pair of boots
Will    +++++        (no amulet)
Stlth   +            g - ring of willpower
HPRegen 0.36/turn    D - ring of willpower
MPRegen 0.14/turn

%: no passive effects
@: lethally poisoned (-1 -> -4), flux-form, glowing
A: glow, contaminating, breathe fire, AC +7, unfitting armour, fire resistance
1, cold-blooded
a: Breathe Fire, Begin Untransformation, Renounce Religion, Draw Escape, Draw
Destruction, Draw Summoning


You were on level 9 of the Dungeon.
You worshipped Nemelex Xobeh.
Nemelex Xobeh was pleased with you.
You were something dangerously unstable.
You visited 2 branches of the dungeon, and saw 10 of its levels.

You collected 398 gold pieces.
You spent 186 gold pieces at shops.

Inventory:

Missiles
 d - 116 stones
 r - 4 boomerangs
 v - 4 javelins
 y - 24 poisoned darts
 C - 4 curare-tipped darts (quivered)
 L - a throwing net
Armour
 n - a scarf of repulsion
 w - a +0 pair of boots (worn)
 H - the +0 cloak "Cufety" (worn) {rC- Will+++ Stlth+}
   (You acquired it on level 7 of the Dungeon)

   rC-:       It makes you vulnerable to cold.
   Will+++:   It greatly increases your willpower.
   Stlth+:    It makes you more stealthy.
Jewellery
 g - a ring of willpower (left hand)
 D - a ring of willpower (right hand)
Talismans
 c - a flux talisman (active)
 h - a serpent talisman
 M - a maw talisman
Wands
 x - a wand of polymorph (5)
 F - a wand of flame (12)
 I - a wand of quicksilver (4)
Scrolls
 e - 2 scrolls of noise
 i - 2 scrolls of fog
 m - a scroll of enchant armour {unknown}
 o - a scroll of enchant weapon {unknown}
 p - 3 scrolls of teleportation
 s - a scroll of acquirement
 t - a scroll of brand weapon {unknown}
 z - a scroll of blinking {unknown}
 A - a scroll of butterflies
 E - a scroll of amnesia {unknown}
 G - 2 scrolls of identify
 J - a scroll of vulnerability {unknown}
Potions
 a - 2 potions of lignification
 f - 2 potions of mutation
 j - a potion of invisibility
 k - 2 potions of brilliance
 l - 3 potions of curing
 q - 3 potions of attraction
 u - 2 potions of cancellation
 B - a potion of enlightenment
 K - a potion of resistance


   Skills:
 + Level 9.2 Fighting
 - Level 1.7 Dodging
 * Level 12.2 Unarmed Combat
 + Level 5.1 Invocations
 + Level 8.2 Shapeshifting


You had 10 spell levels left.
You didn't know any spells.
Your spell library contained the following spells:

 Spells                   Type           Power      Damage    Failure   Level
 Necrotise                Necr           0%         1d4       36%         1
 Tukima's Dance           Hex            0%         N/A       75%         3
 Vampiric Draining        Necr           0%         2d6       75%         3
 Dimensional Bullseye     Hex/Tloc       0%         N/A       98%         4
 Iskenderun's Mystic Bla  Conj/Tloc      0%         2d3       98%         4
 Martyr's Knell           Necr/Summ      0%         N/A       98%         4
 Summon Blazeheart Golem  Fire/Summ      0%         N/A       98%         4
 Alistair's Intoxication  Alch           0%         N/A       100%        5
 Borgnjor's Vile Clutch   Necr/Erth      0%         N/A       100%        5
 Curse of Agony           Necr           0%         N/A       100%        5
 Eringya's Noxious Bog    Alch           0%         4d6       100%        6
 Orb of Destruction       Conj           0%         9d5       100%        7
 Spellforged Servitor     Conj/Summ      0%         N/A       100%        7


Dungeon Overview and Level Annotations

Branches:
Dungeon (9/15)             Temple (1/1) D:7            Lair (0/5) D:9
    Orc: D:9-12

Altars:
Ashenzari
Cheibriados
Dithmenos
Elyvilon
Fedhas
Gozag
Hepliaklqana
Kikubaaqudgha
Makhleb
Nemelex Xobeh
Okawaru
Qazlal
Ru
Sif Muna
Trog
Uskayaw
Vehumet
Wu Jian
Xom
Yredelemnul
Zin
The Shining One

Shops:
D:1 *   D:3 *   D:5 *

Annotations:
D:5 exclusion: upstairs
Abyss:1 Gastronok


Innate Abilities, Weirdness & Mutations

You are something dangerously unstable.
You glow with magical radiation, making you easy to see and hit.
Foes you strike become dangerously contaminated with magical radiation.
You are incapable of wielding weapons or throwing items.
You can breathe blasts of fire.
Your fiery red scales are hard. (AC +7)
You cannot fit into any form of body armour.
Your flesh is heat resistant. (rF+)
You are cold-blooded and may be slowed by cold attacks.


Message History

* * * LOW HITPOINT WARNING * * *
You are lethally poisoned!
The killer bee poisons you! The killer bee misses you.
The killer bee barely misses you.
Your life force feels restored.
Your Fighting skill increases to level 9!
Your Unarmed Combat skill increases to level 12!
Your Invocations skill increases to level 5!
Your Shapeshifting skill increases to level 8!
You have reached level 11!
You feel better. The killer bee closely misses you.
The killer bee misses you. x2
You draw a card...
You have drawn Wild Magic.
The killer bee is struck by twisting air.
Magic surges out from the queen bee.
The queen bee seems to slow down.
You feel a surge of magic. The killer bee closely misses you.
The killer bee misses you.
You hit the queen bee.
The queen bee begins to glow.
You tail-slap the queen bee.
The queen bee is heavily wounded.
You hit the queen bee.
The queen bee glows dangerously bright.
The queen bee is heavily wounded.
The killer bee rages.
You punch the queen bee!
The queen bee shudders as magic cascades through it!!
You kill the queen bee!
The death yak returns to its original shape as it dies.
The killer bee rages.
The killer bee stings you.
* * * LOW HITPOINT WARNING * * *
The killer bee stings you.
* * * LOW HITPOINT WARNING * * *
You miss the killer bee.
You tail-slap the killer bee, but do no damage.
The killer bee is moderately wounded.
The killer bee stings you.
* * * LOW HITPOINT WARNING * * *
You are poisoned.
The killer bee poisons you! The killer bee stings you.
You die...
Your body glows slightly brighter and disappears.

#.##+##....#
...........#
##.#.......#
#.#..Y....#
#.....k.#.#
####+#§...#
#Yk..#
#y##.# +p#
.# #....#
#....#
#....#
#....#
.....#
.§§§.#
.§...#


You could see a death yak (misshapen), a swamp drake and a killer bee (berserk,
misshapen).

Vanquished Creatures
  A two-headed ogre (D:8)
  Pikel (D:6)
  Maggie (D:6)
  2 kobold demonologists (D:6)
  A troll (D:7)
  A queen bee (D:9)
  A wyvern (D:9)
  3 yaks (D:8)
  A steam dragon (D:8)
  Eustachio (D:6)
  2 vampire mosquitoes (D:9)
  Menkaure (D:5)
  Duvessa (D:7)
  A water moccasin (D:9)
  An orc warrior (D:7)
  2 black bears
  An ogre (D:5)
  3 centaurs
  A phantom (D:6)
  5 kobold brigands
  3 bullfrogs
  Blork the orc (D:4)
  A scorpion (D:5)
  11 wights
  5 killer bees (D:9)
  Dowan (D:7)
  2 howler monkeys
  2 bombardier beetles
  4 hounds
  A jelly (D:8)
  3 orc priests
  2 iguanas (D:4)
  3 sleepcaps
  2 gnoll boudas
  4 orc wizards
  18 gnolls
  9 adders
  5 white imps
  2 ribbon worms (D:3)
  2 dart slugs
  24 orcs
  2 bats
  10 endoplasms
  A giant cockroach (D:1)
  5 goblins
  7 hobgoblins
  8 kobolds
  3 quokkas
  4 ball pythons
  2 frilled lizards
  4 rats
182 creatures vanquished.

Vanquished Creatures (collateral kills)
  A centaur (D:9)
1 creature vanquished.

Grand Total: 183 creatures vanquished

Notes
Turn   | Place    | Note
-------+----------+-------------------------------------------
     0 | D:1      | Gumption the Draconian Shapeshifter began the quest for the
                  | Orb.
     0 | D:1      | Reached XP level 1. HP: 16/16 MP: 1/1
   268 | D:1      | Found Zoataj's Assorted Antiques.
   284 | D:1      | Reached XP level 2. HP: 23/23 MP: 2/2
   823 | D:2      | Reached XP level 3. HP: 29/29 MP: 3/3
   855 | D:2      | Reached skill level 4 in Unarmed Combat
  1050 | D:2      | Reached XP level 4. HP: 36/36 MP: 4/4
  1787 | D:1      | Bought a scroll labelled RUKEET JIOQED for 20 gold pieces
  1787 | D:1      | Bought a scroll labelled QEPLEWAIPA for 20 gold pieces
  1787 | D:1      | Bought a scroll labelled VAIKHUIW BISHRERPH for 20 gold
                  | pieces
  1787 | D:1      | Bought a scroll labelled RUKEET JIOQED for 20 gold pieces
  2123 | D:3      | Found Akuymi's Assorted Antiques.
  2324 | D:3      | Reached XP level 5. HP: 42/42 MP: 5/5
  2754 | D:4      | Noticed Blork the orc
  2982 | D:4      | Killed Blork the orc
  2983 | D:4      | Reached skill level 5 in Unarmed Combat
  3144 | D:4      | Noticed a black bear
  3361 | D:4      | Killed a black bear
  3362 | D:4      | Reached XP level 6. HP: 26/51 MP: 6/6
  3592 | D:4      | Noticed a two-headed ogre
  4083 | D:5      | Entered Level 5 of the Dungeon
  4131 | D:3      | Bought a scroll labelled QEPLEWAIPA for 28 gold pieces
  4131 | D:3      | Bought a scroll labelled ROVIMA FYPURYB for 28 gold pieces
  4257 | D:5      | Found a glowing silver altar of Zin.
  4261 | D:5      | Noticed Menkaure
  4375 | D:5      | Killed Menkaure
  4376 | D:5      | Reached skill level 6 in Unarmed Combat
  4376 | D:5      | Your scales start taking on a fiery red colour.
  4376 | D:5      | Reached XP level 7. HP: 17/59 MP: 7/7
  4376 | D:5      | Gained mutation: Your flesh is heat resistant. (rF+) [Red
                  | Draconian growth]
  4704 | D:5      | Reached skill level 7 in Unarmed Combat
  4704 | D:5      | Reached skill level 5 in Shapeshifting
  4985 | D:5      | Reached skill level 5 in Fighting
  4990 | D:5      | Reached XP level 8. HP: 68/68 MP: 8/8
  5184 | D:5      | Found a sparkling altar of Nemelex Xobeh.
  5188 | D:5      | Became a worshipper of Nemelex Xobeh the Trickster
  5196 | D:5      | Found a hide-covered altar of Uskayaw.
  5275 | D:3      | Bought a purple potion for 25 gold pieces
  5275 | D:3      | Bought a black potion for 25 gold pieces
  5343 | D:5      | Found a shadowy altar of Dithmenos.
  5344 | D:5      | Found a hazy altar of Hepliaklqana.
  5425 | D:5      | Found Kuamuiw's Assorted Antiques.
  5919 | D:6      | Noticed Pikel
  5933 | D:6      | Killed Pikel
  5934 | D:6      | Reached skill level 8 in Unarmed Combat
  6207 | D:6      | Reached * piety under Nemelex Xobeh
  6209 | D:6      | Noticed a kobold demonologist
  6295 | D:6      | Noticed a kobold demonologist
  6306 | D:6      | Noticed an orange demon
  6306 | D:6      | Killed a kobold demonologist
  6307 | D:6      | Reached skill level 9 in Unarmed Combat
  6307 | D:6      | Reached XP level 9. HP: 62/78 MP: 9/9
  6320 | D:6      | Killed a kobold demonologist
  6409 | D:6      | Noticed Eustachio
  6423 | D:6      | Killed Eustachio
  6646 | D:6      | Noticed Maggie
  6657 | D:6      | Killed Maggie
  6658 | D:6      | Reached skill level 10 in Unarmed Combat
  7101 | D:7      | Found a sacrificial altar of Ru.
  7153 | D:7      | Found a snail-covered altar of Cheibriados.
  7194 | D:7      | Received a gift from Nemelex Xobeh
  7228 | D:7      | Found a shimmering blue altar of Sif Muna.
  7352 | D:7      | Found a staircase to the Ecumenical Temple.
  7361 | Temple   | Entered the Ecumenical Temple
  7444 | D:7      | Found a broken altar of Ashenzari.
  7622 | D:7      | Reached skill level 1 in Invocations
  7990 | D:7      | Noticed Dowan
  7995 | D:7      | Noticed Duvessa
  8015 | D:7      | Killed Dowan
  8029 | D:7      | Killed Duvessa
  8289 | D:7      | Identified 2 scrolls of acquirement
  8289 | D:7      | Acquired the +0 cloak "Cufety" {rC- Will+++ Stlth+}
  8329 | D:7      | Noticed a troll
  8339 | D:7      | Killed a troll
  8340 | D:7      | Reached XP level 10. HP: 13/88 MP: 11/11
  9064 | D:8      | Noticed a two-headed ogre
  9074 | D:8      | Killed a two-headed ogre
  9076 | D:8      | Received a gift from Nemelex Xobeh
  9215 | D:8      | Reached ** piety under Nemelex Xobeh
  9237 | D:8      | Reached skill level 11 in Unarmed Combat
  9530 | D:8      | Found a burning altar of Makhleb.
 10432 | D:9      | Noticed a death yak
 10434 | D:9      | Found a staircase to the Lair.
 10434 | D:9      | Noticed a death yak
 10435 | D:9      | Noticed a death yak
 10455 | D:9      | HP: 4/88 [death yak (13)]
 10458 | D:9      | a death yak changed into a radroach
 10458 | D:9      | Noticed a radroach
 10458 | D:9      | a death yak changed into a queen bee
 10474 | D:9      | Noticed Gastronok
 10476 | D:9      | Banished a radroach
 10476 | D:9      | Banished Gastronok
 10476 | D:9      | HP: 4/89 [killer bee (7)]
 10477 | D:9      | Reached skill level 12 in Unarmed Combat
 10477 | D:9      | Reached skill level 5 in Invocations
 10477 | D:9      | Reached XP level 11. HP: 4/97 MP: 14/14
 10482 | D:9      | HP: 4/97 [killer bee (2)]
 10482 | D:9      | Slain by a killer bee

Illustrated notes

Levels and vault maps discovered:
D:1:      minmay_arrival_shattered_statue, layout_rooms, serial_shops,
          nicolae_shop_advertising_works [nicolae_subvault_shop_adworks],
          minmay_pentomino_t4
D:2:      layout_loops_corners, chequers_jeans
D:3:      layout_basic, serial_shops, nicolae_shop_crystal
D:4:      nicolae_cairo_tiling_large_dashed, layout_rooms,
          amcnicky_mini_corridor_feature, uniq_blork_the_orc
D:5:      layout_loops_ring, riverfiend_overflow_shadow_ancestor, zin_treasury,
          amcnicky_altar_gilded, nemelex_diamond_rough_becter,
          minmay_fountain_box, nicolae_take_the_stairs, uniq_menkaure
D:6:      layout_loops_ring, serial_co_window_serial, co_window_corner_a,
          co_window_paths_b, co_window_corner_a, co_window_paths_b,
          co_window_paths_a, co_window_paths_a, co_window_paths_b,
          co_window_paths_a, co_window_of_opportunity_a,
          co_window_of_opportunity_b, co_window_of_opportunity_b,
          co_window_cross_2, glass_columns_c, glass_columns_c, glass_columns_a,
          glass_columns_a, glass_columns_b, uniq_pikel, uniq_maggie,
          uniq_eustachio
D:7:      layout_loops_corners, nicolae_ru_awakened_eye, lemuel_crystal_altar,
          lemuel_tele_altar, mainiacjoe_overflow_surrounded_room,
          minmay_temple_entry_mini_moons, uniq_duvessa
D:8:      layout_rooms, lemuel_doored_altar
D:9:      layout_stronghold, dpeg_lair_monsters,
          serial_library_hellmonk_junction, uniq_gastronok, uniq_joseph
Temple:   nicolae_temple_ecumenical_triangle

Skill      XL: |  1  2  3  4  5  6  7  8  9 10 |
---------------+-------------------------------+-----
Fighting       | 2 3 4 5 6 7 9 |  9.2
Unarmed Combat | 4 5 6 7 9 10 12 | 12.2
Shapeshifting  | 4 5 6 7 8 |  8.2
Invocations    | 2 5 |  5.1
Dodging        | |  1.7

Action                     |  1- 3 |  4- 6 |  7- 9 | 10-12 || total
---------------------------+-------+-------+-------+-------++-------
  Melee: Unarmed           |    74 |   158 |   245 |   156 ||   633
         Tailslap          |     9 |    28 |    44 |    26 ||   107
         Punch             |       |     7 |    17 |     7 ||    31
  Throw: Stone             |       |     3 |       |       ||     3
         Dart              |       |     3 |       |     5 ||     8
         Boomerang         |       |     5 |       |       ||     5
 Invoke: Draw Escape       |       |       |       |     2 ||     2
         Draw Destruction  |       |       |       |     2 ||     2
         Draw Summoning    |       |       |       |     1 ||     1
Ability: Begin Untransform |       |       |     1 |     1 ||     2
    Use: Scroll            |       |     7 |     5 |     2 ||    14
         Potion            |       |       |       |     1 ||     1
   Stab: Sleeping          |     1 |     2 |       |       ||     3
 Armour: Skin              |    29 |   100 |   159 |   110 ||   398
  Dodge: Dodged            |    42 |    84 |    81 |   126 ||   333
   Form: Beast             |       |     2 |     1 |       ||     3
                           |       |     1 |       |       ||     1
         Flux              |       |       |       |     1 ||     1
